AoeStats
← The Crusader

Arabia

510583464Analyzed
1v1 RM · 24h ago on Oct 1, 2026· 78m 26s· 2 players
Game mode
Random Map
Map size
Tiny (2 player)
Population
200
Speed
Normal
Resources
Standard
Victory
Conquest
Starting age
Dark Age
Ending age
Imperial Age
RankedLock teamsTeams togetherTeam positionsShared explorationLock speedFull tech treeHidden civsTurbo modeCheats
Victory
Defeat
🇺🇸 Magyars · United States
1721
+11
🇦🇷 Persians · Argentina
1609
-11
AxD | Keiokenkun-Uno-Puro
5:50 Loom
8:49 Feudal Age
9:10 Double-Bit Axe
9:07 Horse Collar
20:47 Castle Age
18:59 Bloodlines
18:56 Scale Barding Armor
19:17 Forging
19:25 Gold Mining
22:35 Chain Barding Armor
22:45 Bow Saw
25:43 Husbandry
29:38 Heavy Plow
30:15 Wheelbarrow
30:20 Town Watch
34:17 Hand Cart
37:51 Imperial Age
37:25 Gold Shaft Mining
37:48 Iron Casting
37:33 Cavalier
38:53 Plate Barding Armor
40:06 Two-Man Saw
40:18 Blast Furnace
39:19 Light Cavalry
39:24 Savar
41:37 Fletching
41:48 Padded Archer Armor
42:30 Bodkin Arrow
43:18 Leather Archer Armor
42:48 Light Cavalry
44:03 Conscription
44:17 Ballistics
44:58 Chemistry
44:01 Stone Mining
44:05 Elite Skirmisher
45:21 Ring Archer Armor
48:06 Conscription
48:36 Hussar
49:56 Pikeman
50:37 Squires
51:06 Thumb Ring
50:21 Crossbowman
51:17 Halberdier
55:08 Scale Mail Armor
56:09 Crop Rotation
55:41 Town Patrol
60:13 Chain Mail Armor
64:01 Kamandaran
67:43 Plate Mail Armor
67:33 Citadels
68:16 Arson
69:05 Capped Ram
The Crusader
6:00 Loom
8:49 Feudal Age
10:36 Double-Bit Axe
11:03 Horse Collar
14:40 Wheelbarrow
19:24 Castle Age
17:52 Fletching
18:38 Bloodlines
20:05 Bodkin Arrow
21:56 Ballistics
23:01 Bow Saw
22:52 Heavy Plow
24:31 Husbandry
33:09 Thumb Ring
40:09 Imperial Age
37:51 Padded Archer Armor
37:39 Pikeman
38:20 Scale Mail Armor
38:44 Town Watch
38:53 Gold Mining
40:29 Chain Mail Armor
40:13 Halberdier
40:54 Bracer
44:51 Parthian Tactics
45:29 Leather Archer Armor
45:37 Conscription
45:15 Heavy Cavalry Archer
49:00 Scale Barding Armor
49:25 Ring Archer Armor
51:38 Corvinian Army
53:47 Chain Barding Armor
55:19 Plate Barding Armor
54:32 Elite Magyar Huszar
58:25 Recurve Bow
63:03 Arson
67:33 Recurve Bow
69:53 Chemistry
Connection lost

Rejoining the realm…

Still unreachable

The connection could not be restored.

Session expired

The server has moved on; the page needs a fresh start.